 Dungeon Crawl Stone Soup version 0.24-a0-528-g98e85ec62a (webtiles) character file.

Game seed: 11282746069125420601

58 Flugkiller the Firebug (level 3, -4/19 HPs)
             Began as a Deep Elf Fire Elementalist on Aug 6, 2019.
             Killed from afar by Sigmund (7 damage)
             ... with a magic dart
             ... on level 2 of the Dungeon.
             The game lasted 00:01:55 (2252 turns).

Flugkiller the Firebug (Deep Elf Fire Elementalist) Turns: 2252, Time: 00:01:55

Health: -4/19      AC:  2    Str:  5    XL:     3   Next: 75%
Magic:  10/10      EV: 18    Int: 20    God:
Gold:   40         SH:  0    Dex: 20    Spells: 5/9 levels left

rFire    . . .     SeeInvis .   e - +2 whip (elec)
rCold    . . .     Gourm    .   (no shield)
rNeg     . . .     Faith    .   a - +0 robe
rPois    .         Spirit   .   (no helmet)
rElec    .         Reflect  .   (no cloak)
rCorr    .         Harm     .   (no gloves)
MR       .....                  (no boots)
Stlth    +++.......             (no amulet)
HPRegen  0.06/turn              (no ring)
MPRegen  0.12/turn              (no ring)

@: agile
A: no striking features
a: no special abilities


You were on level 2 of the Dungeon.
You were not hungry.

You visited 1 branch of the dungeon, and saw 2 of its levels.

You collected 40 gold pieces.

Inventory:

Hand Weapons
 e - a +2 whip of electrocution (weapon)
   (You found it on level 1 of the Dungeon)
Missiles
 j - 20 poisoned darts (quivered)
Armour
 a - a +0 robe (worn)
Jewellery
 m - an uncursed ring of ice {unknown}
   (You found it on level 2 of the Dungeon)
Scrolls
 d - a scroll of identify {unknown}
 i - a scroll of blinking {unknown}
 k - a scroll of enchant armour {unknown}
Potions
 b - a potion of degeneration {unknown}
 f - a potion of brilliance {unknown}
 g - a potion of agility
 h - a potion of heal wounds {unknown}
 l - a potion of curing {unknown}
Comestibles
 c - a ration


   Skills:
 - Level 2.4 Dodging
 - Level 2.4 Stealth
 + Level 3.6 Spellcasting
 * Level 2.6 Conjurations
 * Level 4.2 Fire Magic


You had 5 spell levels left.
You knew the following spells:

 Your Spells              Type           Power        Failure   Level  Hunger
a - Flame Tongue          Conj/Fire      ###..        3%          1    None
c - Conjure Flame         Conj/Fire      ###.....     10%         3    ###....

Your spell library contained the following spells:

 Spells                   Type           Power        Failure   Level  Hunger
 Throw Flame              Conj/Fire      ###...       4%          2    ##.....
 Inner Flame              Hex/Fire       ##......     17%         3    ###....
 Sticky Flame             Conj/Fire      ###.....     32%         4    ####...
 Fireball                 Conj/Fire      ###.......   65%         5    ######.


Dungeon Overview and Level Annotations

Branches:
Dungeon (2/15)

Altars:
Kikubaaqudgha
Nemelex Xobeh

Annotations:
D:2 Sigmund


Message History

You can't see any susceptible monsters within range! (Use Z to cast anyway.)
You feel sick.
You start resting.
You feel sick. x4
Magic restored.
You start resting.
You feel sick. x2
You are no longer poisoned.
m - a pearl ring You open the door.
There is an open door here.
Sigmund the Dreaded comes into view.
He is wielding a +0 scythe.
Sigmund points at you and mumbles some strange words.
You resist with some effort.
Sigmund is nearby!
There is an open door here.
There's nothing to close nearby.
You close the door.
Something unseen opens the door.
Sigmund points at you and mumbles some strange words.
The magic dart hits you.
* * * LOW HITPOINT WARNING * * *
You see here an adder skeleton.
Sigmund gestures at you while chanting.
You are confused.
You bump into the rock wall.
You're too confused!
Unknown command.
You're too confused to cast spells.
There isn't anything here!
Unknown command.
Unknown command.
You're too confused to cast spells.
There isn't anything here!
You bump into the rock wall.
You bump into the rock wall.
Unknown command.
You bump into the rock wall.
You feel less confused.
Sigmund points at you and mumbles some strange words.
The magic dart hits you.
* * * LOW HITPOINT WARNING * * *
Okay, then.
It was a potion of agility.
You feel agile all of a sudden.
Unknown command.
Unknown command.
Sigmund casts a spell at you. The magic dart hits you!
You die...

##### #.......#.........#
....###########.........#####
._..).....# #.............#
....#.###.# #######.##.##.#
#####.# #.# #.##.# #.###.#
#.###########....# #.....#
#.##........@##### #..#..#
#.##.........# #..#..#
#.##....@....#
...#..###.##.........#
..<#....#.##.........#
#.....#.#............#
#.#####.####.........#
.....##....#.........#
..#.........###'######
..#..[......# #.#
#>#.........# #.#


You could see Sigmund.

Vanquished Creatures
  A gnoll (D:1)
  2 adders (D:2)
  2 dart slugs (D:1)
  2 bats
  2 giant cockroaches
  A goblin (D:1)
  A hobgoblin (D:1)
  3 jackals (D:1)
  6 kobolds
  2 quokkas (D:2)
  3 frilled lizards
  3 rats (D:2)
28 creatures vanquished.

Vanquished Creatures (others)
  A human (D:2)
1 creature vanquished.

Grand Total: 29 creatures vanquished

Notes
Turn   | Place    | Note
-------+----------+-------------------------------------------
     0 | D:1      | Flugkiller the Deep Elf Fire Elementalist began the quest
                  | for the Orb.
     0 | D:1      | Reached XP level 1. HP: 10/10 MP: 6/6
   138 | D:1      | Reached XP level 2. HP: 1/15 MP: 1/8
  1172 | D:1      | Reached XP level 3. HP: 19/19 MP: 7/9
  1177 | D:1      | Learned a level 3 spell: Conjure Flame
  1638 | D:1      | Found a sparkling altar of Nemelex Xobeh.
  1782 | D:2      | Found an ancient bone altar of Kikubaaqudgha.
  1782 | D:2      | Noticed a human
  1785 | D:2      | Killed a human
  1862 | D:2      | Reached skill level 4 in Fire Magic
  2212 | D:2      | Noticed Sigmund
  2252 | D:2      | Killed from afar by Sigmund

Levels and vault maps discovered:
D:1:      dpeg_arrival_lava_altar, layout_loops_corners, grunt_decor_fettered
D:2:      layout_basic, tgw_kikubaaqudgha, uniq_sigmund

Skill      XL: |  1  2  3 |
---------------+----------+-----
Conjurations   | 2 |  2.6
Fire Magic     | 4 |  4.2
Dodging        | |  2.4
Stealth        | |  2.4
Spellcasting   | |  3.6

Action                   || total
-------------------------++-------
Melee: Unarmed           ||     2
 Cast: Flame Tongue      ||    63
  Use: Potion            ||     1
  Eat: Ration            ||     1
Armor: Robe              ||     6
Dodge: Dodged            ||    23

Table legend:
 A = Non-vault XP
 B = Vault XP
 C = Vault XP percentage of total XP
 D = Non-vault monster count
 E = Vault monster count
 F = Vault count percentage of total count
                 A         B        C        D         E       F
            +---------+---------+-------+---------+---------+-------
      Total |      83 |       0 |   0.0 |      28 |       0 |   0.0
            +---------+---------+-------+---------+---------+-------
        D:1 |      44 |       0 |   0.0 |      16 |       0 |   0.0
        D:2 |      39 |       0 |   0.0 |      12 |       0 |   0.0
            +---------+---------+-------+---------+---------+-------
